 Dungeon Crawl Stone Soup version 0.32-a0-779-g362cfcae2a (webtiles) character file.

Game seed: 10388677136802450730

188528 cforsyth the Warrior (level 17, -4/166 HPs)
             Began as a Mountain Dwarf Cinder Acolyte on Mar 20, 2024.
             Was a High Priest of Ignis.
             Killed from afar by Frances (13 damage)
             ... with an iron shot
             ... on level 1 of the Swamp.
             The game lasted 01:15:08 (38300 turns).

cforsyth the Warrior (MDCA)                        Turns: 38300, Time: 01:15:09

Health: -4/166     AC: 39    Str: 28    XL:     17   Next: 48%
Magic:  28/28      EV:  8    Int: 18    God:    Ignis [*****.]
Gold:   995        SH:  6    Dex:  8    Spells: 25/31 levels left

rFire   + . .        I - +7 war axe of Gloom {flame, ^Drain rPois rN+ Str+6 Dex+3}
rCold   . . .        S - +2 buckler {AC+3}
rNeg    + . .        P - +3 plate armour of Inviolability {+Blink Will++}
rPois   +            i - +0 helmet
rElec   .            r - +2 cloak
rCorr   .            n - +1 pair of gloves
SInv    +            L - +1 pair of boots
Will    +++..        y - amulet of regeneration Stlth
                     v - ring of see invisible
HPRegen 1.27/turn    T - +4 ring of protection
MPRegen 0.21/turn

%: no passive effects
@: no status effects
A: runic magic, artefact enchanting
}: 1/15 runes: serpentine
a: Renounce Religion, Evoke Blink, Fiery Armour, Foxfire Swarm, Rising Flame


You were on level 1 of the Swamp.
You worshipped Ignis.
Ignis was extremely pleased with you.
You visited 5 branches of the dungeon, and saw 27 of its levels.
You also visited: Bailey.

You collected 3273 gold pieces.
You spent 2278 gold pieces at shops.


Innate Abilities, Weirdness & Mutations

Your spellcasting is much less encumbered by armour.
You can use scrolls of enchantment on lesser artefacts.


   Skills:
 + Level 18.8 Fighting
 - Level 18.0(18.6) Axes
 - Level 8.3(14.2) Maces & Flails
 + Level 18.5 Armour
 + Level 2.9 Dodging
 + Level 6.8 Shields
 - Level 7.5 Spellcasting
 - Level 11.1 Fire Magic


You had 25 spell levels left.
You knew the following spells:

 Your Spells              Type           Power      Damage    Failure   Level
y - Sticky Flame          Fire/Alch      26%        2d6       17%         4
X - Scorch                Fire           92%        2d8       1%          2

Your spell library contained the following spells:

 Spells                   Type           Power      Damage    Failure   Level
 Inner Flame              Hex/Fire       26%        N/A       5%          3
 Apportation              Tloc           12%        N/A       17%         1
 Kiss of Death            Conj/Necr      24%        2d7       17%         1
 Magic Dart               Conj           24%        1d4       17%         1
 Necrotise                Necr           24%        1d5       17%         1
 Sandblast                Erth           12%        2d6       17%         1
 Sting                    Conj/Alch      24%        1d4       17%         1
 Summon Small Mammal      Summ           24%        N/A       17%         1
 Ignite Poison            Fire/Alch      26%        N/A       17%         4
 Blink                    Tloc           12%        N/A       26%         2
 Ensorcelled Hibernation  Hex/Ice        12%        N/A       26%         2
 Lesser Beckoning         Tloc           12%        N/A       26%         2
 Searing Ray              Conj           12%        2d4       26%         2
 Static Discharge         Conj/Air       12%        3-4/arc   26%         2
 Call Canine Familiar     Summ           6%         N/A       45%         3
 Fugue of the Fallen      Necr           6%         N/A       45%         3
 Gell's Gravitas          Tloc           6%         N/A       45%         3
 Ozocubu's Armour         Ice            6%         N/A       45%         3
 Sigil of Binding         Hex            6%         N/A       45%         3
 Stone Arrow              Conj/Erth      12%        3d7       45%         3
 Teleport Other           Tloc           6%         N/A       45%         3
 Airstrike                Air            3%         2d(1-17)  86%         4
 Anguish                  Hex/Necr       3%         N/A       86%         4
 Brom's Barrelling Bould  Conj/Erth      6%         2d3       86%         4
 Dimensional Bullseye     Hex/Tloc       3%         N/A       86%         4
 Fulminant Prism          Conj/Alch      3%         3d5       86%         4
 Manifold Assault         Tloc           6%         N/A       86%         4
 Summon Lightning Spire   Summ/Air       6%         N/A       86%         4
 Vhi's Electric Charge    Tloc/Air       12%        N/A       86%         4
 Arcjolt                  Conj/Air       3%         1d13      99%         5
 Irradiate                Conj/Alch      3%         3d12      99%         5
 Ignition                 Fire           23%        3d8       100%        8
 Maxwell's Capacitive Co  Air            3%         ∞         100%        8

Inventory:

Hand Weapons
 a - a +7 heavy broad axe
 I - the +7 war axe of Gloom (weapon) {flame, ^Drain rPois rN+ Str+6 Dex+3}
   (You bought it in a shop on level 2 of the Orcish Mines)

   Str+6:     It affects your strength (+6).
   Dex+3:     It affects your dexterity (+3).
   rPois:     It protects you from poison.
   rN+:       It protects you from negative energy.
   ^Drain:    It drains your maximum health when unequipped.
 V - a -1 hand axe of flaming
Armour
 i - a +0 helmet (worn)
 n - a +1 pair of gloves (worn)
 r - a +2 cloak (worn)
 J - the +1 pair of boots "Cuud" {^Drain Int+3 Dex+4}
   (You bought it in a shop on level 15 of the Dungeon)

   Int+3:     It affects your intelligence (+3).
   Dex+4:     It affects your dexterity (+4).
   ^Drain:    It drains your maximum health when unequipped.
 L - a +1 pair of boots (worn)
 M - a +0 cloak of willpower
 P - the +3 plate armour of Inviolability (worn) {+Blink Will++}
   (You found it on level 13 of the Dungeon)

   Will++:    It greatly increases your willpower.
   +Blink:    It lets you blink.
 S - a +2 buckler of protection (worn)
Jewellery
 v - a ring of see invisible (left hand)
 y - an amulet of regeneration (around neck)
 C - a ring of protection from cold
 F - a ring of protection from fire
 N - a ring of positive energy
 T - a +4 ring of protection (right hand)
Wands
 o - a wand of flame (29)
 s - a wand of iceblast (21)
 t - a wand of charming (6)
 w - a wand of mindburst (31)
 z - a wand of light (12)
 O - a wand of digging (11)
Scrolls
 c - 5 scrolls of fog
 d - 14 scrolls of teleportation {@r2}
 f - 3 scrolls of noise
 k - 4 scrolls of enchant armour
 m - 4 scrolls of immolation
 q - 2 scrolls of vulnerability
 u - 3 scrolls of blinking
 B - 2 scrolls of butterflies
 D - 6 scrolls of identify {@r1}
 G - 2 scrolls of poison
 K - 5 scrolls of fear
 Q - 5 scrolls of revelation
 Z - 5 scrolls of enchant weapon
Potions
 b - 4 potions of haste {@q3}
 e - a potion of resistance
 g - 2 potions of enlightenment
 h - 17 potions of curing {@q1}
 j - a potion of magic
 l - 4 potions of heal wounds {@q2}
 p - 4 potions of invisibility
 x - a potion of berserk rage {!q}
 A - 5 potions of might
 E - a potion of cancellation
 H - 2 potions of lignification
 R - 6 potions of mutation
 U - 4 potions of brilliance
 W - 5 potions of attraction
Miscellaneous
 X - a phantom mirror
 Y - a condenser vane

Dungeon Overview and Level Annotations

Branches:
Dungeon (15/15)            Temple (0/1) D:7            Lair (5/5) D:10
  Swamp (1/4) Lair:2        Snake (4/4) Lair:3        Slime (0/5) Lair:4
    Orc (2/2) D:10            Elf (0/3) Orc:2        Vaults (0/5) D:14
 Depths (0/4) D:15         Bailey (visited)

Altars:
Ashenzari
Dithmenos
Elyvilon
Fedhas
Kikubaaqudgha
Okawaru
Ru
Sif Muna
Trog
Uskayaw
Vehumet
Wu Jian
Xom
Yredelemnul
Beogh
Jiyva

Shops:
D:8 ****   D:9 *   D:12 =*   D:13 ?   D:15 =![[   Orc:2 ([=!

Portals:
Ice
Cave: Swamp:1

Annotations:
Swamp:1 Frances

*,* ♣.~~.♣...~.~~~~~ *,*
♣....♣♣.~~~~~.~~ *,*
♣♣..~.♣♣.♣~..~~..
♣,*♣♣♣♣.~~~~..~~§)~~~~.
♣.♣♣.......~.~§~~..~~~~
♣♣~...........~.§§~†....
*♣~..........$§♣...~~.♣♣♣
**.......§..)....~..♣♣♣♣♣♣
*,~......@........♣...♣♣♣♣
**,~~....@34F?...♣♣♣♣.♣.♣
*~~.............♣♣ *♣..♣
**~..~.........♣♣ *♣♣♣
**♣.~~~.....♣♣♣
♣....§~.~♣♣ ♣♣~♣♣~.~♣♣
♣♣*♣♣~♣♣ ***


You could see Frances (fast), an ice devil (summoned), a goliath frog and a
sixfirhy (summoned).


Message History

* * * LOW HITPOINT WARNING * * *
You closely miss Frances.
Frances is almost dead.
You slash the ice devil! You burn the ice devil. You barely miss the sixfirhy.
The sixfirhy hits you!
* * * LOW HITPOINT WARNING * * *
The sixfirhy shocks you!
* * * LOW HITPOINT WARNING * * *
The sixfirhy hits you but does no damage.
Frances hits you but does no damage. You block the sixfirhy's attack.
The ice devil hits you but does no damage.
Unknown command.
You hit Frances. You burn Frances.
Frances is almost dead.
You miss the sixfirhy. You hit the ice devil. You burn the ice devil.
The sixfirhy barely misses you.
The sixfirhy hits you but does no damage.
You block Frances's attack. The goliath frog hits you from afar.
* * * LOW HITPOINT WARNING * * *
You are splashed with acid!
* * * LOW HITPOINT WARNING * * *
The sixfirhy hits you but does no damage.
Frances hits you with a +0 long sword!
* * * LOW HITPOINT WARNING * * *
Unknown command.
You block the goliath frog's attack. You block the ice devil's attack.
Frances chants phrases taken from a devil's mouth.
The iron shot hits you!
You die...
Ignis goes out, and joins you in death.

Skill      XL: |  1  2  3  4  5  6  7  8  9 10 11 12 13 14 15 16 17 |
---------------+----------------------------------------------------+-----
Axes           | 4 7 10 12 14 16 18 | 18.0
Armour         | 1 2 3 4 5 7 8 9 11 13 15 16 18 | 18.5
Fire Magic     | 4 5 6 7 8 9 11 | 11.1
Fighting       | 4 5 6 7 9 10 12 14 15 17 18 | 18.8
Maces & Flails | 1 2 4 5 7 8 |  8.3
Spellcasting   | 2 3 4 5 6 7 |  7.5
Shields        | 5 6 |  6.8
Dodging        | 2 |  2.9

Action                     |  1- 3 |  4- 6 |  7- 9 | 10-12 | 13-15 | 16-18 || total
---------------------------+-------+-------+-------+-------+-------+-------++-------
  Melee: Hand axe          |    96 |    11 |       |       |       |       ||   107
         Whip              |       |   141 |   123 |   251 |       |       ||   515
         Broad axe         |       |       |       |   308 |  1200 |       ||  1508
         Mace              |       |       |       |       |    37 |       ||    37
         War axe           |       |       |       |       |    42 |   875 ||   917
   Cast: Scorch            |    22 |    17 |   122 |   118 |    42 |   106 ||   427
  Evoke: Wand              |       |       |       |     9 |     2 |       ||    11
    Use: Scroll            |       |       |       |    24 |     4 |     3 ||    31
         Potion            |       |       |       |     5 |       |     6 ||    11
   Stab: Petrified         |       |       |       |       |    10 |       ||    10
 Armour: Robe              |    81 |    79 |       |       |       |       ||   160
         Chain mail        |       |    37 |   151 |   502 |       |       ||   690
         Plate armour      |       |       |       |   134 |  1589 |  1178 ||  2901
  Dodge: Dodged            |    86 |    80 |    50 |   240 |   410 |   234 ||  1100
  Block: Buckler           |       |       |       |       |       |   247 ||   247

Levels and vault maps discovered:
D:1:      saegor_arrival_simple_a, layout_basic, minmay_misc_feat_more_columns,
          feat_on_display
D:2:      layout_rooms, minmay_puff
D:3:      layout_basic, grunt_dithmenos_smoke, lemuel_round_altar,
          nicolae_wu_jian_immortal_techniques, nicolae_ru_awakened_eye,
          nicolae_ecumenical_lake_church, uniq_robin
D:4:      layout_loops_cross, lemuel_round_altar
D:5:      layout_basic, portal_sewer_entry_f
D:6:      layout_cave_pods, dk_yredelemnul_ordeal, mainiacjoe_overflow_24_doors
D:7:      layout_rooms, minmay_temple_entry_arrows,
          minmay_hollow_rounded_squares, uniq_duvessa
D:8:      layout_loops_cross, nicolae_uskayaw_dance_hall, enter_bailey_6,
          serial_shops, shop, nicolae_shop_tiny_statue_garden,
          kennysheep_mini_moat, nicolae_shop_peninsula, uniq_jeremiah,
          uniq_joseph
D:9:      layout_stronghold, nicolae_ashenzari_skybound, tgw_trog,
          general_overflow_altar, guppyfry_shop_venom, uniq_harold, uniq_erolcha
D:10:     layout_rooms, erik_lair_island, orc_david_3, minmay_tree_intersection,
          hex_intersection, uniq_amaemon
D:11:     layout_roguey
D:12:     layout_rooms, serial_shops, nicolae_diamond_shop, shop,
          minivault_25_ag, minmay_misc_feat_hallway, hangedman_stone_soup
D:13:     layout_gridville, serial_shops, shop, water_maze_lemuel, uniq_lodul,
          uniq_urug, uniq_nessos
D:14:     layout_stronghold, hangedman_vaults_entry_quadrant_bands,
          minmay_misc_feat_x, minivault_8, uniq_snorg
D:15:     grunt_enter_depths_snipers, layout_rooms, serial_bayou_ford_a,
          chequers_serial_rivers_micro_d, columned_hall_lemuel,
          nicolae_shop_national_dungeon_mall, uniq_azrael, uniq_kirke
Lair:1:   layout_gridlike, evilmike_ambush [evilmike_ambush_outer_doors,
          evilmike_ambush_inner_wall_1], serial_bayou_shore_b
Lair:2:   layout_hall_layers, alex1729_swamp_entry_worm_eleionoma,
          grunt_megastairs_4, lemuel_fruit_tree, uniq_erica, uniq_gastronok,
          uniq_sonja
Lair:3:   layout_layer_cave, minmay_snake_entry_six_corridors,
          chequers_serial_rivers_micro_b, st_stairs_5
Lair:4:   wad_woods_structure_01, layout_gridlike, minmay_slime_entry_pillars
Lair:5:   grunt_lair_end_beastmaster, layout_small_grid, nicolae_lair_yak_garden
Swamp:1:  layout_falls_marsh, portal_ice_cave_entry_ice_statue_two,
          evilmike_swamp_ruin_house_6, uniq_frances
Snake:1:  layout_grid_shapes, uniq_aizul
Snake:2:  layout_cave_town, grunt_megastairs_2, uniq_vashnia
Snake:3:  layout_cave_town, st_stairs_13, grunt_megastairs_5, uniq_jorgrun,
          uniq_louise, uniq_agnes
Snake:4:  snake_pit, layout_basic
Orc:1:    layout_caves, regret_index_xom_of_box, uniq_maurice
Orc:2:    kennysheep_orc_mage_school, layout_caves

Notes
Turn   | Place    | Note
-------+----------+-------------------------------------------
     0 | D:1      | cforsyth the Mountain Dwarf Cinder Acolyte began the quest
                  | for the Orb.
     0 | D:1      | Reached XP level 1. HP: 19/19 MP: 2/2
   119 | D:1      | Reached XP level 2. HP: 12/26 MP: 3/3
   233 | D:1      | Learned a level 2 spell: Scorch
   260 | D:1      | Reached skill level 4 in Axes
   260 | D:1      | Reached skill level 1 in Armour
   260 | D:1      | Reached skill level 4 in Fire Magic
   260 | D:1      | Reached XP level 3. HP: 29/31 MP: 0/5
  1463 | D:2      | Reached XP level 4. HP: 14/40 MP: 1/6
  1800 | D:2      | Identified the +8 whip of Cugoze {venom, rN+ Str+5 Int+3}
  2077 | D:2      | Reached skill level 2 in Armour
  2094 | D:2      | Reached skill level 4 in Fighting
  2166 | D:2      | Reached skill level 1 in Maces & Flails
  2201 | D:3      | Found a shadowy altar of Dithmenos.
  2255 | D:3      | Reached XP level 5. HP: 46/46 MP: 7/7
  2305 | D:3      | Found a faded altar of an unknown god.
  2441 | D:3      | Found a sacrificial altar of Ru.
  2467 | D:3      | Reached skill level 2 in Spellcasting
  2503 | D:3      | Noticed Robin
  2626 | D:3      | Killed Robin
  2871 | D:3      | Found a white marble altar of Elyvilon.
  2923 | D:3      | Found an ornate altar of the Wu Jian Council.
  3553 | D:4      | Found an iron altar of Okawaru.
  3680 | D:4      | Reached XP level 6. HP: 35/53 MP: 9/9
  3855 | D:4      | Reached skill level 2 in Maces & Flails
  3855 | D:4      | Reached skill level 3 in Armour
  4142 | D:4      | You fall into a shaft and drop 2 floors!
  4221 | D:6      | Reached skill level 5 in Fire Magic
  4341 | D:6      | Found a runed translucent door.
  4341 | D:6      | Noticed a human
  4350 | D:6      | Noticed an ice beast
  4351 | D:6      | Found a basalt altar of Yredelemnul.
  4359 | D:6      | Killed an ice beast
  4360 | D:6      | Reached XP level 7. HP: 60/60 MP: 1/11
  4526 | D:6      | Reached skill level 5 in Fighting
  4526 | D:6      | Reached skill level 3 in Maces & Flails
  4526 | D:6      | Reached skill level 3 in Spellcasting
  4653 | D:6      | Found a shimmering blue altar of Sif Muna.
  4700 | D:5      | Entered Level 5 of the Dungeon
  4750 | D:5      | Reached skill level 4 in Armour
  5204 | D:5      | Reached skill level 6 in Fire Magic
  5214 | D:5      | Reached skill level 4 in Maces & Flails
  5214 | D:5      | Reached XP level 8. HP: 49/69 MP: 13/13
  5801 | D:5      | Reached skill level 6 in Fighting
  6132 | D:5      | Reached skill level 5 in Armour
  6437 | D:6      | Identified the +1 quarterstaff "Pecovakk" {speed, rC+
                  | rCorr}
  6640 | D:6      | Reached skill level 4 in Spellcasting
  6786 | D:7      | Noticed Duvessa
  6786 | D:7      | Noticed Dowan
  6794 | D:6      | Reached skill level 5 in Maces & Flails
  6941 | D:7      | Reached skill level 7 in Fire Magic
  7294 | D:7      | Found a staircase to the Ecumenical Temple.
  7399 | D:7      | Reached XP level 9. HP: 75/78 MP: 4/15
  7768 | D:6      | Reached skill level 7 in Fighting
  7768 | D:6      | Reached skill level 6 in Maces & Flails
  7768 | D:6      | Reached skill level 6 in Armour
  7958 | D:7      | Reached skill level 5 in Spellcasting
  7963 | D:7      | Reached skill level 8 in Fire Magic
  8154 | D:7      | Killed Duvessa
  8157 | D:7      | Killed Dowan
  8209 | D:7      | Found a large runed translucent door.
  8210 | D:7      | Found a large runed translucent door.
  8411 | D:7      | Reached skill level 7 in Maces & Flails
  8492 | D:7      | Found a large runed translucent door.
  8492 | D:7      | Found a large runed translucent door.
  8520 | D:7      | Reached skill level 7 in Armour
  8520 | D:7      | Reached XP level 10. HP: 74/88 MP: 1/18
  8702 | D:7      | Identified the +6 mace of Duty {freeze, rElec Will+ Int+3
                  | Dex-3}
  8905 | D:8      | Noticed Jeremiah
  8950 | D:8      | Reached skill level 8 in Fighting
  9011 | D:8      | Got the Treatise on Ghoulish Correspondence
  9014 | D:8      | Found Wypi's Assorted Antiques.
  9019 | D:8      | Bought a scroll labelled XIKHATR CUMP for 24 gold pieces
  9019 | D:8      | Bought a scroll labelled XIKHATR CUMP for 24 gold pieces
  9019 | D:8      | Bought a viscous amethyst potion for 21 gold pieces
  9019 | D:8      | Bought 2 glowing purple potions for 43 gold pieces
  9139 | D:8      | Found a flagged portal.
  9139 | D:8      | Noticed Joseph
  9148 | Bailey   | Entered a bailey
  9469 | Bailey   | Reached skill level 9 in Fire Magic
  9577 | Bailey   | Noticed an orc warlord
  9729 | Bailey   | Reached skill level 8 in Maces & Flails
  9729 | Bailey   | Reached skill level 6 in Spellcasting
  9953 | Bailey   | Killed an orc warlord
  9954 | Bailey   | Reached skill level 8 in Armour
 10202 | D:8      | Killed Joseph
 10245 | D:8      | Found Laanerr's General Store.
 10319 | D:8      | Found Haomou's General Store.
 10385 | D:8      | Found Itifen's General Store.
 10750 | D:8      | Found a hide-covered altar of Uskayaw.
 10860 | D:8      | Found Itifen's General Store.
 10872 | D:8      | Found Wypi's Assorted Antiques.
 10935 | D:8      | Found Laanerr's General Store.
 11037 | D:8      | Killed Jeremiah
 11038 | D:8      | Reached skill level 9 in Fighting
 11090 | D:8      | Found a hide-covered altar of Uskayaw.
 11368 | D:8      | Found Haomou's General Store.
 11573 | D:9      | Found a broken altar of Ashenzari.
 11694 | D:9      | Found a blossoming altar of Fedhas.
 11713 | D:9      | Noticed a two-headed ogre
 11725 | D:9      | Killed a two-headed ogre
 11726 | D:9      | Reached XP level 11. HP: 81/97 MP: 15/20
 11961 | D:9      | Noticed Harold
 11982 | D:8      | HP: 5/97 [Harold/+0 battleaxe of freezing (14)]
 11982 | D:8      | HP: 1/97 [Harold/+0 battleaxe of freezing (4)]
 12087 | D:8      | Found Wypi's Assorted Antiques.
 12113 | D:8      | Found Itifen's General Store.
 12160 | D:8      | Found Haomou's General Store.
 12211 | D:8      | Found Laanerr's General Store.
 12463 | D:8      | Found a hide-covered altar of Uskayaw.
 12488 | D:8      | Killed Harold
 12489 | D:8      | Reached skill level 10 in Fire Magic
 12938 | D:9      | Reached skill level 5 in Axes
 13019 | D:9      | Identified a +1 robe of resistance
 13019 | D:9      | Noticed Erolcha
 13035 | D:9      | Killed Erolcha
 13416 | D:9      | Noticed a two-headed ogre
 13781 | D:9      | Killed a two-headed ogre
 13782 | D:9      | Reached skill level 9 in Armour
 13919 | D:9      | Found Ifukiuvo's Serpentskin Sales.
 14048 | D:9      | Found a bloodstained altar of Trog.
 14120 | D:9      | Reached skill level 7 in Spellcasting
 14220 | D:10     | Entered Level 10 of the Dungeon
 14459 | D:9      | Reached skill level 6 in Axes
 14564 | D:10     | Found a staircase to the Lair.
 14570 | D:10     | Noticed Amaemon
 14597 | D:10     | Killed Amaemon
 14598 | D:10     | Reached skill level 10 in Fighting
 14794 | D:8      | Bought a scroll of acquirement for 520 gold pieces
 14794 | D:8      | Acquired 426 gold pieces
 14796 | D:8      | Bought a scroll of enchant weapon for 75 gold pieces
 14858 | D:8      | Bought a potion of haste for 150 gold pieces
 14858 | D:8      | Bought a potion of heal wounds for 75 gold pieces
 14858 | D:8      | Bought a potion of heal wounds for 75 gold pieces
 14954 | D:9      | Found a broken altar of Ashenzari.
 15049 | D:9      | Found a blossoming altar of Fedhas.
 15249 | D:9      | Found a bloodstained altar of Trog.
 15412 | D:9      | Found Ifukiuvo's Serpentskin Sales.
 15662 | D:10     | Reached skill level 11 in Fire Magic
 15717 | D:10     | Found a staircase to the Orcish Mines.
 16498 | D:11     | Reached skill level 7 in Axes
 16640 | D:11     | Reached XP level 12. HP: 107/107 MP: 23/23
 17004 | D:12     | Reached skill level 10 in Armour
 17008 | D:12     | HP: 9/107 [poisoned by a green ugly thing]
 17020 | D:11     | HP: 10/108 [poisoned by a green ugly thing]
 17241 | D:12     | Noticed a two-headed ogre
 17249 | D:12     | Killed a two-headed ogre
 17418 | D:12     | Noticed a two-headed ogre
 17441 | D:12     | Killed a two-headed ogre
 17442 | D:12     | Reached skill level 11 in Fighting
 17442 | D:12     | Reached skill level 8 in Axes
 17498 | D:12     | Noticed a boulder beetle
 17512 | D:12     | HP: 9/110 [boulder beetle (14)]
 17625 | D:12     | Killed a boulder beetle
 17878 | D:12     | Found Kiez's Jewellery Emporium.
 17886 | D:12     | Found Binuug's Assorted Antiques.
 17894 | D:12     | Bought a red potion for 20 gold pieces
 17971 | D:12     | Reached skill level 11 in Armour
 18081 | D:13     | Reached skill level 9 in Axes
 18086 | D:13     | Found Bial's Magic Scroll Shop.
 18182 | D:13     | Identified the +3 plate armour of Inviolability {+Blink
                  | Will++}
 18229 | D:13     | Noticed Nessos
 18240 | D:13     | Killed Nessos
 18401 | D:13     | Noticed Lodul
 18722 | D:13     | Killed Lodul
 18723 | D:13     | Reached skill level 12 in Fighting
 18759 | D:13     | Bought a scroll of poison for 64 gold pieces
 18759 | D:13     | Bought a scroll of brand weapon for 152 gold pieces
 18759 | D:13     | Bought a scroll of teleportation for 48 gold pieces
 19169 | D:13     | Noticed Urug
 19175 | D:13     | Killed Urug
 19176 | D:13     | Reached skill level 10 in Axes
 19462 | Lair:1   | Entered Level 1 of the Lair of Beasts
 19571 | D:7      | Learned a level 4 spell: Sticky Flame
 19902 | Lair:1   | You fall into a shaft and drop 1 floor!
 19960 | Lair:2   | Noticed Gastronok
 19997 | Lair:2   | Killed Gastronok
 19998 | Lair:2   | Reached XP level 13. HP: 88/119 MP: 24/24
 20028 | Lair:2   | Noticed Sonja
 20030 | Lair:2   | Killed Sonja
 20075 | Lair:2   | Reached skill level 12 in Armour
 20228 | Lair:2   | Identified the +3 mace of Ashenzari's Whim {flame, rF+}
 20933 | Lair:2   | Noticed Erica
 20941 | Lair:2   | Killed Erica
 20942 | Lair:2   | Reached skill level 11 in Axes
 20994 | Lair:2   | Identified a potion of resistance
 21107 | Lair:2   | Found a staircase to the Swamp.
 21107 | Lair:2   | Noticed an eleionoma
 21112 | Lair:2   | Killed an eleionoma
 21192 | Lair:2   | Reached skill level 13 in Fighting
 21582 | Lair:3   | Found a staircase to the Snake Pit.
 21814 | Lair:3   | Reached skill level 13 in Armour
 22312 | Lair:4   | Reached skill level 12 in Axes
 22686 | Lair:4   | Found a staircase to the Slime Pits.
 22780 | Lair:4   | Found a viscous altar of Jiyva.
 23191 | Lair:4   | Reached skill level 14 in Fighting
 23291 | Lair:4   | Reached XP level 14. HP: 119/132 MP: 22/25
 23775 | Lair:5   | Entered Level 5 of the Lair of Beasts
 24040 | Lair:5   | Reached skill level 13 in Axes
 24081 | Lair:5   | Reached skill level 14 in Armour
 24587 | Lair:5   | Reached skill level 15 in Fighting
 24841 | Lair:5   | Reached skill level 14 in Axes
 25181 | Lair:5   | Reached skill level 15 in Armour
 25347 | Lair:5   | Identified the +7 sling "Koshruyts" {heavy, rCorr Str+3}
 25554 | Orc:1    | Entered Level 1 of the Orcish Mines
 25632 | Orc:1    | Found a shimmering altar of Xom.
 25703 | Orc:1    | Noticed Maurice
 26057 | Orc:1    | Killed Maurice
 26319 | Orc:2    | Entered Level 2 of the Orcish Mines
 26319 | Orc:2    | Identified a +2 robe of resistance
 26582 | Orc:2    | Found a staircase to the Elven Halls.
 26665 | Orc:1    | Reached XP level 15. HP: 114/141 MP: 24/26
 27202 | Orc:2    | Found Oshoer's Antique Armour Boutique.
 27228 | Orc:2    | Found Deber's Antique Weapon Shop.
 27243 | Orc:2    | Bought a crystal war axe for 255 gold pieces
 27243 | Orc:2    | Identified the +7 war axe of Gloom {flame, ^Drain rPois rN+
                  | Str+6 Dex+3} (You bought it in a shop on level 2 of the
                  | Orcish Mines)
 27258 | Orc:2    | Found a radiant altar of Vehumet.
 27272 | Orc:2    | Found Aryxeigu's Jewellery Boutique.
 27281 | Orc:2    | Noticed Nergalle
 27302 | Orc:2    | Killed Nergalle
 27316 | Orc:2    | Reached skill level 15 in Axes
 27342 | Orc:2    | Found an ancient bone altar of Kikubaaqudgha.
 27382 | Orc:2    | Found a roughly hewn altar of Beogh.
 27382 | Orc:2    | Found Poprum's Distillery.
 27387 | Orc:2    | Reached skill level 16 in Fighting
 27404 | Orc:2    | Bought a potion of lignification for 36 gold pieces
 27404 | Orc:2    | Bought a potion of cancellation for 96 gold pieces
 28188 | D:14     | Noticed Snorg
 28200 | D:14     | Killed Snorg
 28564 | D:14     | Reached skill level 16 in Armour
 28965 | D:14     | Found a gate to the Vaults.
 29327 | D:15     | Entered Level 15 of the Dungeon
 29606 | D:15     | Found a staircase to the Depths.
 29619 | D:15     | Reached skill level 16 in Axes
 29674 | D:15     | Noticed Kirke
 29715 | D:15     | Killed Kirke
 29871 | D:15     | Noticed Azrael
 29885 | D:15     | Killed Azrael
 29961 | D:15     | Identified the +0 long sword "Pumaguk" {venom, rElec rF+}
 30006 | D:15     | Found Emocwoyz's Antique Armour Emporium.
 30007 | D:15     | Found Ciecuer's Jewellery Shoppe.
 30013 | D:15     | Found Luiseg's Antique Armour Shoppe.
 30013 | D:15     | Found Byruoffa's Distillery.
 30034 | D:15     | Bought a pair of faintly glowing boots for 285 gold pieces
 30034 | D:15     | Identified the +1 pair of boots "Cuud" {^Drain Int+3 Dex+4}
                  | (You bought it in a shop on level 15 of the Dungeon)
 30305 | D:15     | Bought a faintly humming scale mail for 315 gold pieces
 30305 | D:15     | Identified the +7 scale mail of Love and Death {rF- rC+
                  | MP+9 Int+9} (You bought it in a shop on level 15 of the
                  | Dungeon)
 30503 | Snake:1  | Entered Level 1 of the Snake Pit
 30756 | Snake:1  | Identified the serpent talisman of Gravity {rCorr MP+9
                  | Int-3}
 30756 | Snake:1  | Noticed Aizul
 30769 | Snake:1  | Killed Aizul
 30770 | Snake:1  | Reached skill level 17 in Fighting
 31665 | Snake:1  | Reached XP level 16. HP: 155/155 MP: 27/27
 32287 | Snake:2  | Reached skill level 1 in Shields
 32388 | Snake:2  | Noticed Vashnia
 32425 | Snake:2  | Reached skill level 2 in Shields
 32469 | Snake:2  | Killed Vashnia
 32470 | Snake:2  | Reached skill level 17 in Armour
 32674 | Snake:2  | Reached skill level 3 in Shields
 33335 | Snake:2  | Reached skill level 17 in Axes
 33667 | Snake:3  | Noticed Jorgrun
 33731 | Snake:3  | Killed Jorgrun
 33732 | Snake:3  | Reached skill level 4 in Shields
 34483 | Snake:3  | Reached skill level 5 in Shields
 34882 | Snake:3  | Noticed Louise
 34909 | Snake:3  | Killed Louise
 34944 | Snake:3  | Reached skill level 18 in Fighting
 35051 | Snake:3  | Noticed Agnes
 35062 | Snake:3  | Killed Agnes
 35608 | Snake:4  | Entered Level 4 of the Snake Pit
 36008 | Snake:4  | Reached skill level 18 in Armour
 36025 | Snake:3  | Reached skill level 18 in Axes
 36025 | Snake:3  | Reached XP level 17. HP: 131/166 MP: 11/28
 36598 | Snake:4  | Reached skill level 1 in Dodging
 37133 | Snake:4  | Got a serpentine rune of Zot
 37332 | Snake:4  | Reached skill level 2 in Dodging
 37382 | Snake:4  | Reached skill level 6 in Shields
 38237 | Swamp:1  | Entered Level 1 of the Swamp
 38275 | Swamp:1  | Found a glacial archway.
 38279 | Swamp:1  | Noticed Frances
 38299 | Swamp:1  | HP: 7/166 [Frances/+0 long sword (17)]
 38300 | Swamp:1  | Killed from afar by Frances

Vanquished Creatures
  Vashnia (Snake:2)
  Jorgrun (Snake:3)
  Agnes (Snake:3)
  Gastronok (Lair:2)
  Kirke (D:15)
  A nagaraja (Snake:4)
  Aizul (Snake:1)
  Louise (Snake:3)
  An orc warlord (Bailey)
  A stone giant (D:15)
  Nessos (D:13)
  An eleionoma (Lair:2)
  Azrael (D:15)
  Snorg (D:14)
  Harold (D:8)
  Erolcha (D:9)
  8 salamander tyrants
  4 catoblepae
  Erica (Lair:2)
  4 ogre magi
  6 anacondas
  10 hydras
  A boulder beetle (D:12)
  9 two-headed ogres
  A death knight (D:15)
  12 naga warriors
  An orc high priest (Orc:2)
  5 death yaks (Lair:5)
  A deep troll shaman (Lair:5)
  4 tengu warriors
  6 shock serpents
  Urug (D:13)
  A spriggan (Swamp:1)
  15 naga sharpshooters
  Nergalle (Orc:2)
  Sonja (Lair:2)
  Amaemon (D:10)
  3 skeletal warriors (D:15)
  A fire crab (Lair:5)
  4 salamander mystics
  Lodul (D:13)
  A deep elf knight (D:14)
  4 naga ritualists
  8 mana vipers
  4 deep elf pyromancers
  A deep elf zephyrmancer (D:14)
  2 orc knights
  An obsidian bat (Orc:2)
  10 orc sorcerers (Orc:2)
  22 salamanders
  4 manticores
  Maurice (Orc:1)
  7 ugly things
  10 elephants (Lair:5)
  A moth of wrath (D:9)
  A will-o-the-wisp (Swamp:1)
  Joseph (D:8)
  38 black mambas
  2 kobold blastminers (Orc:1)
  4 molten gargoyles (D:14)
  A cyclops (D:12)
  2 ice statues (Swamp:1)
  3 guardian serpents
  A torpor snail (Lair:3)
  16 naga magi
  12 cane toads
  4 gargoyles
  2 orange demons
  Jeremiah (D:8)
  2 kobold demonologists (D:12)
  3 rime drakes
  A tengu conjurer (D:14)
  10 komodo dragons
  5 polar bears
  7 trolls
  A troll (shapeshifter) (D:14)
  2 hornets
  A raiju (Orc:1)
  4 dream sheep (Lair:5)
  19 blink frogs
  12 slime creatures
  A shadow (D:8)
  2 vampires
  11 wyverns
  6 wraiths
  A fire bat (Orc:1)
  58 yaks
  5 fire elementals (D:15)
  3 hogs (D:15)
  3 basilisks
  A vampire mosquito (D:7)
  5 wargs
  37 nagas
  A swamp worm (Swamp:1)
  5 acid dragons
  18 water moccasins
  4 hell hounds
  Duvessa (D:7)
  31 orc warriors
  4 laughing skulls (D:14)
  3 sky beasts
  An ice beast (D:6)
  4 black bears
  24 ogres
  A boggart (D:14)
  A centaur (D:5)
  10 wolves
  11 bullfrogs
  6 kobold brigands
  2 gnoll sergeants (D:5)
  5 wights (D:8)
  Dowan (D:7)
  5 electric eels
  A crimson imp (D:12)
  6 howler monkeys
  A bombardier beetle (D:4)
  9 hounds
  3 jellies
  A gnoll bouda (D:7)
  14 orc priests
  A scrub nettle (Lair:1)
  5 iguanas
  2 sleepcaps
  37 orc wizards
  Robin (D:3)
  20 gnolls
  11 adders
  A shadow imp (D:7)
  A white imp (D:7)
  An ufetubus (D:7)
  3 ribbon worms (D:2)
  4 dart slugs
  84 orcs
  5 endoplasms
  5 giant cockroaches
  21 goblins
  20 hobgoblins
  11 jackals
  21 kobolds
  6 quokkas
  4 ball pythons
  9 bats
  3 frilled lizards (D:1)
  A goblin skeleton (D:6)
  A kobold zombie (D:6)
  15 rats
948 creatures vanquished.

Vanquished Creatures (others)
  A cane toad (Lair:5)
  An orc wizard (Orc:2)
  8 foxfires (Swamp:1)
10 creatures vanquished.

Grand Total: 958 creatures vanquished

Table legend: (Time is in decaauts)
 A = Elapsed time spent in this place.
 B = Non-inter-level travel time spent in this place.
 C = Inter-level travel time spent in this place.
 D = Time resting spent in this place.
 E = Time spent auto-exploring this place.
 F = Levels seen in this place.
 G = Mean time per level.
                   A        B        C        D        E       F      G
               +--------+--------+--------+--------+--------+-----+--------+
         Total |  37987 |  35274 |   2713 |   5720 |  22023 |  28 | 1356.7 |
       Dungeon |  21608 |  19821 |   1787 |   2801 |  13364 |  15 | 1440.5 |
          Lair |   6282 |   5687 |    595 |    366 |   3946 |   5 | 1256.4 |
         Swamp |     55 |     55 |      0 |      0 |      0 |   1 |   55.0 |
     Snake Pit |   6829 |   6644 |    185 |   1695 |   3395 |   4 | 1707.2 |
  Orcish Mines |   2224 |   2079 |    145 |    449 |   1088 |   2 | 1112.0 |
        Bailey |    987 |    987 |      0 |    408 |    230 |   1 |  987.0 |
               +--------+--------+--------+--------+--------+-----+--------+

Top non-repeatable levels by time:
     D:9: 2695 daAuts
     D:8: 2652 daAuts
 Snake:3: 2145 daAuts
 Snake:2: 2130 daAuts
     D:6: 1905 daAuts
  Lair:4: 1722 daAuts
 Snake:4: 1575 daAuts
  Lair:5: 1532 daAuts
     D:7: 1507 daAuts
     D:1: 1451 daAuts
    D:14: 1400 daAuts
    D:13: 1395 daAuts
    D:10: 1306 daAuts
     D:5: 1295 daAuts
  Lair:3: 1198 daAuts

Table legend:
 A = Non-vault XP
 B = Vault XP
 C = Vault XP percentage of total XP
 D = Non-vault monster count
 E = Vault monster count
 F = Vault count percentage of total count
                 A         B        C        D         E       F
            +---------+---------+-------+---------+---------+-------
      Total |  147316 |  104004 |  41.4 |     609 |     340 |  35.8
            +---------+---------+-------+---------+---------+-------
        D:1 |      75 |       0 |   0.0 |      36 |       0 |   0.0
        D:2 |     105 |      23 |  18.0 |      27 |      11 |  28.9
        D:3 |      55 |      26 |  32.1 |      12 |       6 |  33.3
        D:4 |     222 |       0 |   0.0 |      16 |       0 |   0.0
        D:5 |    1026 |      12 |   1.2 |      30 |       6 |  16.7
        D:6 |    1400 |      48 |   3.3 |      20 |       3 |  13.0
        D:7 |    1665 |    1488 |  47.2 |      23 |      17 |  42.5
        D:8 |    1422 |    1748 |  55.1 |      19 |       3 |  13.6
        D:9 |    3610 |    1403 |  28.0 |      28 |       9 |  24.3
       D:10 |    2194 |    1982 |  47.5 |      23 |      15 |  39.5
       D:11 |    2440 |       0 |   0.0 |      10 |       0 |   0.0
       D:12 |    4544 |    3354 |  42.5 |      13 |      11 |  45.8
       D:13 |    2187 |    3080 |  58.5 |       8 |       7 |  46.7
       D:14 |    7684 |    9105 |  54.2 |      18 |      23 |  56.1
       D:15 |    6483 |    7134 |  52.4 |      12 |      16 |  57.1
     Lair:1 |    2008 |     824 |  29.1 |       8 |       4 |  33.3
     Lair:2 |    2288 |    5993 |  72.4 |       7 |      13 |  65.0
     Lair:3 |    4999 |    1974 |  28.3 |      15 |      12 |  44.4
     Lair:4 |    7431 |    4527 |  37.9 |      28 |      16 |  36.4
     Lair:5 |   17623 |   11664 |  39.8 |      60 |      24 |  28.6
    Swamp:1 |    4354 |     800 |  15.5 |       7 |       2 |  22.2
    Snake:1 |    7461 |    1379 |  15.6 |      12 |       1 |   7.7
    Snake:2 |   20406 |    8054 |  28.3 |      40 |       9 |  18.4
    Snake:3 |   20599 |   16442 |  44.4 |      38 |      25 |  39.7
    Snake:4 |   16562 |   10473 |  38.7 |      36 |      20 |  35.7
      Orc:1 |    4235 |    1543 |  26.7 |      34 |       5 |  12.8
      Orc:2 |    4238 |    8309 |  66.2 |      29 |      34 |  54.0
     Bailey |       0 |    2619 | 100.0 |       0 |      48 | 100.0
            +---------+---------+-------+---------+---------+-------
